 Dungeon Crawl Stone Soup version 0.31-a0-819-gf6de2f5ab6 (webtiles) character file.

Game seed: 3024068782464281095

202 qw the Shooter (level 5, -11/32 HPs)
             Began as a Gargoyle Hunter on Sept 23, 2023.
             Killed from afar by Ijyb (18 damage)
             ... with a bolt of acid
             ... on level 4 of the Dungeon.
             The game lasted 00:00:52 (1941 turns).

qw the Shooter (Gargoyle Hunter)                    Turns: 1941, Time: 00:00:52

Health: -11/32     AC:  3    Str: 14    XL:     5   Next: 80%
Magic:  5/5        EV: 10    Int: 10    God:
Gold:   93         SH:  0    Dex: 15    Spells: 4/4 levels left

rFire   + + .        Y - +1 shortbow (freeze)
rCold   + . .        (shield currently unavailable)
rNeg    + . .        e - +2 ring mail {rF+}
rPois   inf          (no helmet)
rElec   +            (no cloak)
rCorr   .            (no gloves)
SInv    .            (no boots)
Will    .....        (no amulet)
Stlth   +            f - ring of protection from fire
HPRegen 0.25/turn    j - ring of protection from cold
MPRegen 0.09/turn

%: no passive effects
@: corroded
A: sickness immunity, AC +4, negative energy resistance 1, electricity
resistance, torment resistance 1, petrification resistance
a: no special abilities


You were on level 4 of the Dungeon.
You visited 1 branch of the dungeon, and saw 4 of its levels.

You collected 93 gold pieces.


Innate Abilities, Weirdness & Mutations

You are immune to sickness and miasma.
Your stone body is resilient. (AC +4)
You are immune to poison.
You resist negative energy. (rN+)
You are resistant to electric shocks. (rElec)
You are resistant to unholy torment.
You are immune to petrification.


   Skills:
 + Level 3.5 Fighting
 - Level 6.2 Ranged Weapons
 - Level 1.0 Armour
 - Level 1.5 Dodging
 - Level 1.1 Stealth


You had 4 spell levels left.
You didn't know any spells.
Your spell library was empty.

Inventory:

Hand Weapons
 Y - a +1 shortbow of freezing (weapon)
Armour
 e - a +2 ring mail of fire resistance (worn)
 k - a +0 helmet
Jewellery
 f - a ring of protection from fire (left hand)
 j - a ring of protection from cold (right hand)
Scrolls
 c - a scroll of identify
Potions
 a - a potion of haste
 b - a potion of heal wounds {unknown}
 d - a potion of resistance {unknown}
 g - a potion of magic {unknown}
 h - a potion of brilliance {unknown}
 i - a potion of attraction {unknown}

Dungeon Overview and Level Annotations

Branches:
Dungeon (4/15)
 Temple: D:4-7

Altars:
Cheibriados
Hepliaklqana
Uskayaw
Wu Jian

Annotations:
D:3 3 runed translucent doors, qw's ghost, weakling GrHu
D:4 Ijyb


Message History

You kill the jelly!
The kobold throws a stone.
The stone hits you but does no damage.
You shoot an arrow. The arrow misses the kobold.
The kobold throws a stone.
The stone barely misses you.
The kobold throws a stone.
The stone hits you but does no damage.
You shoot an arrow. The arrow hits the kobold!
The arrow freezes the kobold.
You kill the kobold!
b - an amethyst potion
k - a +0 helmet Ijyb the Twisted Goblin comes into view.
She is wielding a +0 dagger, wearing a +1 ring mail of fire resistance and carrying a wand of acid.
Ijyb shouts!
You shoot an arrow. The arrow barely misses Ijyb.
You shoot an arrow. The arrow barely misses Ijyb.
You shoot an arrow. The arrow closely misses Ijyb.
Ijyb zaps a wand.
The bolt of acid hits you. The acid corrodes you!
You shoot an arrow. The arrow hits Ijyb.
The arrow freezes Ijyb.
Ijyb is lightly wounded.
You shoot an arrow. The arrow hits Ijyb but does no damage.
Ijyb is lightly wounded.
You shoot an arrow. The arrow hits Ijyb but does no damage.
Ijyb is lightly wounded.
Ijyb hits you but does no damage.
You shoot an arrow. The arrow hits Ijyb but does no damage.
Ijyb is lightly wounded.
Ijyb barely misses you.
You shoot an arrow. The arrow hits Ijyb.
The arrow freezes Ijyb.
Ijyb is heavily wounded.
Ijyb closely misses you.
You shoot an arrow. The arrow hits Ijyb.
The arrow freezes Ijyb.
Ijyb is severely wounded.
Ijyb hits you with a +0 dagger.
You shoot an arrow. The arrow hits Ijyb but does no damage.
Ijyb is severely wounded.
Ijyb hits you with a +0 dagger. x2
You shoot an arrow. The arrow closely misses Ijyb.
Ijyb zaps a wand.
The bolt of acid hits you! The acid corrodes you!
You shoot an arrow. The arrow closely misses Ijyb.
Ijyb zaps a wand.
The bolt of acid hits you!!
Ouch! That really hurt!
You die...

#........# #........+ .
#........#
..###+###........###
#..........).......#
#..................#
#..................#
#..........._......#
#..............@g..#
##+######'########.....
#.....#......# ...
+.....#......# .
#.....#......#
#.....'......#
#.....##.....#
#.....##.....#
########.....#


You could see Ijyb.

Vanquished Creatures
  A scorpion (D:4)
  A jelly (D:4)
  5 adders
  A worm (D:2)
  2 dart slugs
  4 orcs (D:3)
  6 bats
  5 endoplasms
  4 giant cockroaches
  5 goblins
  5 hobgoblins
  3 quokkas
  5 ball pythons
  A frilled lizard (D:3)
  6 kobolds
  4 rats
58 creatures vanquished.

Notes
Turn   | Place    | Note
-------+----------+-------------------------------------------
     0 | D:1      | qw the Gargoyle Hunter began the quest for the Orb.
     0 | D:1      | Reached XP level 1. HP: 12/12 MP: 1/1
     0 | D:1      | 0 ||| qw: Version: 0.3-a-83-gcd0e7d8
     0 | D:1      | 0 ||| qw: Game counter: 1639
     0 | D:1      | 0 ||| qw: Melee chars always use a shield: true
     0 | D:1      | 0 ||| qw: God list: Okawaru
     0 | D:1      | 0 ||| qw: Allow faded altars: false
     0 | D:1      | 0 ||| qw: Do Orc after clearing Dungeon:15 true
     0 | D:1      | 0 ||| qw: Do second Lair branch before Depths: true
     0 | D:1      | 0 ||| qw: Lair rune preference: random
     0 | D:1      | 0 ||| qw: Goals: Normal
     0 | D:1      | 0 ||| PLANNING D:1-11
     6 | D:1      | Noticed a lindwurm
     6 | D:1      | Noticed a rime drake
     6 | D:1      | Noticed a black mamba
     7 | D:1      | Noticed a redback
   158 | D:1      | Reached XP level 2. HP: 17/17 MP: 2/2
   657 | D:1      | 657 ||| UPGRADING to +2 ring mail of fire resistance.
   667 | D:1      | 667 ||| DROPPING +0 leather armour.
   668 | D:1      | 668 ||| UPGRADING to ring of protection from fire.
   669 | D:1      | 669 ||| UPGRADING to ring of protection from cold.
   670 | D:1      | 670 ||| READING scroll labelled NECUUSU PEQIUQU.
   673 | D:1      | 673 ||| READING scroll labelled NEICVYN YPAGE.
   674 | D:1      | 674 ||| READING scroll labelled EQEROTH RYOPPO.
   675 | D:1      | 675 ||| DROPPING scroll of butterflies.
   729 | D:2      | Found a faded altar of an unknown god.
   747 | D:2      | Reached skill level 1 in Armour
   769 | D:2      | Reached XP level 3. HP: 20/21 MP: 3/3
   825 | D:2      | Reached skill level 5 in Ranged Weapons
  1118 | D:2      | 1118 ||| READING scroll labelled OCOAPHUXZUM.
  1119 | D:2      | 1119 ||| READING scroll labelled NOGOID UBIUNU.
  1151 | D:3      | 1151 ||| STAIRDANCE
  1174 | D:3      | Found a runed translucent gate.
  1176 | D:3      | Found a runed translucent gate.
  1178 | D:3      | Found a runed translucent gate.
  1209 | D:3      | Reached XP level 4. HP: 26/27 MP: 4/4
  1261 | D:3      | Reached skill level 3 in Fighting
  1270 | D:3      | Found a hide-covered altar of Uskayaw.
  1342 | D:3      | Found an ornate altar of the Wu Jian Council.
  1571 | D:3      | Noticed qw's ghost (weakling GrHu)
  1662 | D:3      | Found a snail-covered altar of Cheibriados.
  1798 | D:3      | 1798 ||| READING scroll labelled MILAGHYRIY.
  1799 | D:3      | 1799 ||| READING scroll labelled UTUSUO XIGG.
  1800 | D:3      | 1800 ||| READING 2 scrolls of identify.
  1800 | D:3      | 1800 ||| IDENTIFYING metallic dark potion
  1817 | D:4      | Noticed a scorpion
  1824 | D:4      | Killed a scorpion
  1825 | D:4      | Reached skill level 6 in Ranged Weapons
  1825 | D:4      | Reached XP level 5. HP: 26/32 MP: 5/5
  1826 | D:4      | 1826 ||| STAIRDANCE
  1908 | D:4      | Found a hazy altar of Hepliaklqana.
  1929 | D:4      | Noticed Ijyb
  1940 | D:4      | HP: 7/32 [Ijyb/bolt of acid (12)]
  1941 | D:4      | Killed from afar by Ijyb

Levels and vault maps discovered:
D:1:      onia_arrival_zoo_common, layout_basic
D:2:      layout_rooms, chequers_ecumenical_altar_twisty,
          corexii_item_surrounded_by_moat
D:3:      layout_rooms, mainiacjoe_overflow_catch_the_wave,
          nzn_wu_jian_contemplation, gammafunk_ghost_icy
D:4:      layout_gridville, makhleb_heckhound_becter, overflow_temple_1_default,
          minmay_temple_entry_mini_moons, uniq_ijyb

Skill      XL: |  1  2  3  4 |
---------------+-------------+-----
Armour         | 1 |  1.0
Ranged Weapons | 5 6 |  6.2
Fighting       | 3 |  3.5
Dodging        | |  1.5
Stealth        | |  1.1

Action                     |  1- 3 |  4- 6 || total
---------------------------+-------+-------++-------
   Fire: Shortbow          |   114 |    81 ||   195
    Use: Scroll            |     5 |     3 ||     8
 Armour: Leather armour    |     5 |       ||     5
         Ring mail         |    31 |    25 ||    56
  Dodge: Dodged            |    22 |    11 ||    33

Table legend:
 A = Non-vault XP
 B = Vault XP
 C = Vault XP percentage of total XP
 D = Non-vault monster count
 E = Vault monster count
 F = Vault count percentage of total count
                 A         B        C        D         E       F
            +---------+---------+-------+---------+---------+-------
      Total |     289 |       0 |   0.0 |      58 |       0 |   0.0
            +---------+---------+-------+---------+---------+-------
        D:1 |      15 |       0 |   0.0 |      10 |       0 |   0.0
        D:2 |      58 |       0 |   0.0 |      17 |       0 |   0.0
        D:3 |      86 |       0 |   0.0 |      27 |       0 |   0.0
        D:4 |     130 |       0 |   0.0 |       4 |       0 |   0.0
            +---------+---------+-------+---------+---------+-------
